 Dungeon Crawl Stone Soup version 0.19.0-11-g3fc08b3 (webtiles) character file.

205 LORDOFBUTT the Shield-Bearer (level 6, 0/48 HPs)
             Began as a Formicid Fighter on Nov 8, 2016.
             Slain by a bullfrog (4 damage)
             ... in a sewer.
             The game lasted 00:03:52 (2348 turns).

LORDOFBUTT the Shield-Bearer (Formicid Fighter)     Turns: 2348, Time: 00:03:53

Health: 0/48       AC:  9    Str: 21    XL:     6   Next: 9%
Magic:  6/6        EV:  8    Int:  7    God:
Gold:   111        SH: 10    Dex: 12    Spells: 0 memorised, 5 levels left

rFire  . . .     SeeInvis +     a - +0 war axe
rCold  . . .     Gourm    .     b - +0 scale mail
rNeg   . . .     Faith    .     c - +0 shield
rPois  .         Spirit   .     (helmet unavailable)
rElec  .         Reflect  .     (no cloak)
rCorr  .         Harm     .     (no gloves)
MR     .....                    (no boots)
Stlth  ..........               (no amulet)
                                (no ring)
                                e - +3 ring of protection

@: no status effects
A: permanent stasis, dig shafts and tunnels, four strong arms, antennae 3
a: Dig, Shaft Self


You were in a sewer.
You were not hungry.

You visited 1 branch of the dungeon, and saw 3 of its levels.
You also visited: Sewer.

You collected 111 gold pieces.

Inventory:

Hand Weapons
 a - a +0 war axe (weapon)
Armour
 b - a +0 scale mail (worn)
 c - a +0 shield (worn)
Jewellery
 e - a +3 ring of protection (left hand)
 l - an uncursed ring of magical power
Scrolls
 h - a scroll of enchant weapon {unknown}
 j - 4 scrolls of remove curse {unknown}
 n - a scroll of identify {unknown}
Potions
 i - a potion of invisibility {unknown}
 m - a potion of lignification {unknown}
 o - a potion of flight {unknown}
Comestibles
 d - 4 chunks of flesh
 f - 2 bread rations
 k - 2 meat rations


   Skills:
 - Level 3.9 Fighting
 * Level 4.4 Axes
 - Level 3.5 Armour
 - Level 0.1 Dodging
 + Level 5.0 Shields


You had 5 spell levels left.
You didn't know any spells.

Dungeon Overview and Level Annotations

Branches:
Dungeon (3/15)

Altars:


Innate Abilities, Weirdness & Mutations

You are under a permanent stasis effect.
You can dig through walls and to a lower floor.
Your four strong arms can wield two-handed weapons with a shield.
You have a pair of large antennae on your head. (SInv)


Message History

* * * LOW HITPOINT WARNING * * *
The bullfrog closely misses you.
You barely miss the bullfrog.
The bullfrog is severely wounded.
You closely miss the bullfrog. The bullfrog closely misses you.
The bullfrog hits you but does no damage.
You block the bullfrog's attack. x2
You feel better. You block the bullfrog's attack. x2
You closely miss the bullfrog.
The bullfrog is severely wounded.
You barely miss the bullfrog. You block the bullfrog's attack.
The bullfrog hits you!
* * * LOW HITPOINT WARNING * * *
The bullfrog closely misses you.
The bullfrog hits you but does no damage.
The bullfrog hits you.
* * * LOW HITPOINT WARNING * * *
The bullfrog hits you but does no damage.
The bullfrog hits you.
You die...

#≈≈≈≈.# #≈≈≈≈≈# {
#≈≈≈≈.# #≈≈≈≈≈#
#≈≈≈≈≈# ##≈≈≈≈≈≈≈≈≈≈≈
#≈≈≈≈≈# #≈≈≈≈≈≈≈..≈≈≈
#.≈≈≈≈# #≈≈≈≈≈≈≈.?.≈.
#.≈≈≈.# #≈≈≈≈≈≈.%)!≈≈
#.≈≈≈@# #≈≈≈≈≈≈≈≈?≈≈≈
#.≈≈FF# #≈≈≈≈≈≈≈≈.≈≈≈
#.≈≈≈.# #≈≈≈≈≈≈≈≈≈≈≈
#.≈≈≈≈# #≈≈≈≈≈≈≈≈≈≈≈
#≈≈≈≈.#######≈≈≈≈≈≈≈≈≈
#≈≈≈≈≈≈..........≈≈≈≈≈
#≈≈≈≈≈≈≈≈≈≈≈≈≈≈≈≈≈≈≈≈≈
#.≈≈≈≈≈≈≈≈≈≈≈≈≈≈≈≈≈≈≈≈
#.≈≈≈s≈≈≈≈≈≈≈≈≈≈≈≈≈≈≈≈


You could see 2 bullfrogs.

Vanquished Creatures
  2 orc wizards (D:3)
  5 adders (D:2)
  A river rat (D:3)
  2 oozes
  2 worms
  3 dart slugs
  A leopard gecko (D:1)
  3 orcs (D:3)
  7 bats
  9 giant cockroaches
  3 goblins
  6 hobgoblins
  2 jackals (D:1)
  6 kobolds
  A quokka (D:2)
  5 ball pythons
  7 frilled lizards
  9 rats
74 creatures vanquished.

Notes
Turn   | Place    | Note
-------+----------+-------------------------------------------
     0 | D:1      | LORDOFBUTT the Formicid Fighter began the quest for the Orb.
     0 | D:1      | Reached XP level 1. HP: 18/18 MP: 1/1
    87 | D:1      | Reached XP level 2. HP: 22/24 MP: 2/2
   135 | D:1      | Reached skill level 4 in Shields
   483 | D:1      | Reached XP level 3. HP: 29/29 MP: 3/3
   819 | D:2      | Reached XP level 4. HP: 27/37 MP: 4/4
  1618 | D:2      | Reached XP level 5. HP: 42/42 MP: 5/5
  1943 | D:3      | Reached skill level 5 in Shields
  2084 | D:3      | Found a glowing drain.
  2095 | D:3      | Reached XP level 6. HP: 39/48 MP: 6/6
  2104 | Sewer    | Entered a sewer
  2348 | Sewer    | Slain by a bullfrog

Skill      XL: |  1  2  3  4  5 |
---------------+----------------+-----
Shields        | 4 5 |  5.0
Axes           | 3 4 |  4.4
Fighting       | |  3.9
Armour         | |  3.5
Dodging        | |  0.1

Action                   |  1- 3 |  4- 6 || total
-------------------------+-------+-------++-------
Melee: War axe           |    96 |   182 ||   278
  Use: Potion            |       |     3 ||     3
  Eat: Chunk             |       |     4 ||     4
       Beef jerky        |       |     1 ||     1
Armor: Scale mail        |    57 |    86 ||   143
Dodge: Dodged            |    30 |    72 ||   102
Block: Shield            |    56 |   125 ||   181
